[Event "ICC tourney 2246 (120 10)"]
[Site "Internet Chess Club"]
[Date "2020.12.29"]
[Round "8"]
[White "charlesshen"]
[Black "auggie29"]
[Result "1-0"]
[ICCResult "Black checkmated"]
[WhiteElo "1125"]
[BlackElo "1095"]
[Opening "Sicilian: Taimanov variation"]
[ECO "B45"]
[NIC "SI.39"]
[Time "17:16:19"]
[PlyCount "105"]
[TimeControl "7200+10"]

1. e4 c5 2. Nf3 Nc6 3. d4 cxd4 4. Nxd4 e6 5. Nc3 Bc5 6. Be3 Bxd4 7. Bxd4 e5
8. Be3 Nf6 9. Bc4 d6 10. f3 Be6 11. Bb3 a6 12. Qd2 Qd7 13. O-O-O O-O-O 14.
Bb6 Rde8 15. Qxd6 Qxd6 16. Rxd6 Bxb3 17. axb3 Nd7 18. Be3 Kc7 19. Rhd1 Re7
20. R6d2 Nb4 21. f4 f6 22. fxe5 fxe5 23. Rf2 Kc8 24. Bg5 Ree8 25. Rf7 Nb6
26. Rxg7 Rhg8 27. Bf6 Rxg7 28. Bxg7 Rg8 29. Bxe5 Rxg2 30. Rd2 Rg1+ 31. Nd1
Re1 32. Bd6 Nc6 33. Rf2 Rxe4 34. Rf7 Re6 35. Rc7+ Kb8 36. Rxc6+ Ka7 37.
Bb8+ Kxb8 38. Rxe6 Ka7 39. Re7 h5 40. Rh7 a5 41. Rxh5 Ka6 42. Rg5 Nd7 43.
h4 Nf6 44. Rg6 b6 45. Rxf6 Kb5 46. h5 a4 47. bxa4+ Kxa4 48. Rxb6 Ka5 49.
Rb3 Ka4 50. h6 Ka5 51. h7 Ka4 52. h8=Q Ka5 53. Qa8# { Black checkmated }
1-0

[Event "ICC tourney 2246 (120 10)"]
[Site "Internet Chess Club"]
[Date "2020.12.29"]
[Round "8"]
[White "avbhosale"]
[Black "King230"]
[Result "0-1"]
[ICCResult "White checkmated"]
[WhiteElo "235"]
[BlackElo "1060"]
[Opening "Giuoco Piano: four knights variation"]
[ECO "C47"]
[NIC "RG.01"]
[Time "17:16:22"]
[PlyCount "62"]
[TimeControl "7200+10"]

1. e4 e5 2. Nf3 Nf6 3. Nc3 Nc6 4. Bc4 Bc5 5. O-O Nd4 6. Nxe5 d5 7. Bxd5
Nxd5 8. exd5 Qd6 9. Re1 O-O 10. Nc4 Qg6 11. Ne5 Qf6 12. Kh1 Bd6 13. Ng4 Qh4
14. h3 Bf5 15. d3 h5 16. Nh2 Bxh3 17. g3 Qf6 18. Ne4 Qf5 19. Nxd6 cxd6 20.
c4 Qxf2 21. Rg1 Ne2 22. b3 Nxg3+ 23. Rxg3 Qxg3 24. Qd2 Rae8 25. Bb2 f6 26.
Rg1 Qe3 27. Qb4 Qxd3 28. Re1 Re2 29. Rg1 Qe4+ 30. Nf3 Qxf3+ 31. Rg2 Qxg2# {
White checkmated } 0-1

[Event "ICC tourney 2246 (120 10)"]
[Site "Internet Chess Club"]
[Date "2020.12.29"]
[Round "8"]
[White "srinandasai12"]
[Black "DanielGuan"]
[Result "1-0"]
[ICCResult "Black resigns"]
[WhiteElo "1228"]
[BlackElo "985"]
[Opening "Sicilian: Alapin's variation (2.c3)"]
[ECO "B22"]
[NIC "SI.46"]
[Time "17:16:32"]
[PlyCount "85"]
[TimeControl "7200+10"]

1. e4 c5 2. c3 Nc6 3. d4 cxd4 4. cxd4 d6 5. Nf3 Bg4 6. Be2 Nf6 7. Nc3 a6 8.
h3 Bd7 9. d5 Na7 10. Bg5 Qb6 11. Rb1 h6 12. Be3 Qb4 13. a3 Qa5 14. O-O Nb5
15. Nxb5 Bxb5 16. Bxb5+ Qxb5 17. Qd4 g6 18. a4 Qd7 19. Rfd1 Bg7 20. Nd2 Rd8
21. b3 O-O 22. Nc4 Ng4 23. Qd2 Nxe3 24. Qxe3 Qc7 25. Rdc1 Qc5 26. Qd2 Qd4
27. Qxd4 Bxd4 28. Rd1 Ba7 29. a5 Rc8 30. Rdc1 Kg7 31. Kf1 Bd4 32. f4 f5 33.
exf5 Rxf5 34. g3 g5 35. Re1 Kf6 36. Re6+ Kf7 37. Rbe1 Rxd5 38. Rxe7+ Kf8
39. Rxb7 gxf4 40. gxf4 Bc3 41. Rc1 Bxa5 42. Rh7 Rf5 43. Rh8+ { Black
resigns } 1-0

[Event "ICC tourney 2246 (120 10)"]
[Site "Internet Chess Club"]
[Date "2020.12.29"]
[Round "8"]
[White "Rthur"]
[Black "bryantan2010"]
[Result "0-1"]
[ICCResult "White resigns"]
[WhiteElo "802"]
[BlackElo "1157"]
[Opening "Ruy Lopez: old Steinitz defense"]
[ECO "C62"]
[NIC "RL.02"]
[Time "17:16:46"]
[PlyCount "56"]
[TimeControl "7200+10"]

1. e4 e5 2. Nf3 Nc6 3. Bb5 d6 4. d3 Bd7 5. Nc3 Nf6 6. Be3 g6 7. Qd2 Bg7 8.
Kd1 a6 9. Bc4 Be6 10. Bb3 O-O 11. Qe2 d5 12. exd5 Nxd5 13. Nxd5 Bxd5 14.
Ke1 e4 15. dxe4 Bxe4 16. c3 Re8 17. Qc4 Qe7 18. Rd1 Bxf3 19. gxf3 Bh6 20.
Rd3 Ne5 21. Qe4 Nxd3+ 22. Qxd3 Bxe3 23. fxe3 Qxe3+ 24. Qxe3 Rxe3+ 25. Kf2
Rae8 26. Bc4 b5 27. Bb3 Re2+ 28. Kg3 Rxb2 { White resigns } 0-1

[Event "ICC tourney 2246 (120 10)"]
[Site "Internet Chess Club"]
[Date "2020.12.29"]
[Round "8"]
[White "Pranavthepro"]
[Black "saahilkajarekar"]
[Result "0-1"]
[ICCResult "White resigns"]
[WhiteElo "1078"]
[BlackElo "910"]
[Opening "Hungarian defense"]
[ECO "C50"]
[NIC "IG.03"]
[Time "17:16:50"]
[PlyCount "100"]
[TimeControl "7200+10"]

1. e4 e5 2. Nf3 Nc6 3. Bc4 Be7 4. d3 Nf6 5. O-O O-O 6. Bg5 d6 7. Re1 Na5 8.
Bb3 Nxb3 9. axb3 Bg4 10. h3 Bxf3 11. Qxf3 h6 12. Bxf6 Bxf6 13. Nc3 c6 14.
b4 a6 15. Ne2 Bg5 16. Qg3 f5 17. exf5 Rxf5 18. d4 Bf4 19. Nxf4 exf4 20. Qd3
Qf8 21. g4 fxg3 22. fxg3 Rf3 23. Re3 Rxe3 24. Qxe3 Qf5 25. Qb3+ Kh8 26. Kg2
Qe4+ 27. Qf3 Qxc2+ 28. Qf2 Qc4 29. Qd2 Rf8 30. Rc1 Qf7 31. Qe2 Qd5+ 32. Kh2
Qxd4 33. Rf1 Rxf1 34. Qxf1 Qxb2+ 35. Kg1 Qxb4 36. Qf8+ Kh7 37. Qf5+ Kg8 38.
Qe6+ Kf8 39. Qc8+ Kf7 40. Qc7+ Kg6 41. h4 a5 42. h5+ Kxh5 43. Qf7+ Kg4 44.
Qxg7+ Kf3 45. Qf6+ Kxg3 46. Qf2+ Kg4 47. Qg2+ Kh5 48. Qh2+ Kg5 49. Qg2+ Qg4
50. Qxg4+ Kxg4 { White resigns } 0-1

[Event "ICC tourney 2246 (120 10)"]
[Site "Internet Chess Club"]
[Date "2020.12.29"]
[Round "8"]
[White "oliver-kc"]
[Black "Pip04"]
[Result "1/2-1/2"]
[ICCResult "Game drawn by mutual agreement"]
[WhiteElo "794"]
[BlackElo "1259"]
[Opening "Caro-Kann: Panov-Botvinnik attack, 5...e6"]
[ECO "B14"]
[NIC "QP.07"]
[Time "17:16:47"]
[PlyCount "59"]
[TimeControl "7200+10"]

1. d4 Nf6 2. c4 e6 3. Nc3 c5 4. e3 cxd4 5. exd4 d5 6. Nf3 Bb4 7. Qc2 Ne4 8.
Bd3 f5 9. O-O O-O 10. a3 Qa5 11. Bd2 Bxc3 12. Bxc3 Nxc3 13. Qxc3 Nc6 14.
Qxa5 Nxa5 15. c5 Nc6 16. Rfe1 Bd7 17. b4 a6 18. Ne5 Nxe5 19. Rxe5 Rfe8 20.
Rae1 Rec8 21. Bc2 b5 22. R1e3 a5 23. Rb3 axb4 24. axb4 Ra2 25. Re2 Rca8 26.
h3 R8a3 27. Kf1 Ra1+ 28. Re1 Rxe1+ 29. Kxe1 Rxb3 30. Bxb3 { Game drawn by
mutual agreement } 1/2-1/2

[Event "ICC tourney 2246 (120 10)"]
[Site "Internet Chess Club"]
[Date "2020.12.29"]
[Round "8"]
[White "leonlunachen"]
[Black "sunnypatelsp"]
[Result "1-0"]
[ICCResult "Black checkmated"]
[WhiteElo "749"]
[BlackElo "1163"]
[Opening "Modern defense"]
[ECO "A40"]
[NIC "QO.17"]
[Time "17:16:22"]
[PlyCount "133"]
[TimeControl "7200+10"]

1. d4 g6 2. c4 Bg7 3. e4 e6 4. Nc3 d6 5. Nf3 Nd7 6. Bd3 b6 7. d5 Nc5 8. Bc2
exd5 9. cxd5 Ne7 10. Na4 Nxa4 11. Bxa4+ Bd7 12. O-O Bxa4 13. Qxa4+ Qd7 14.
Qxd7+ Kxd7 15. Re1 f6 16. Nd4 c5 17. Ne6 Bf8 18. b3 Re8 19. Bb2 Ng8 20. f4
Be7 21. g4 h6 22. h4 Rh7 23. Kg2 f5 24. Kg3 fxg4 25. Kxg4 h5+ 26. Kg3 Nh6
27. Rf1 Rg8 28. Kh3 Ng4 29. f5 gxf5 30. exf5 Bf6 31. Bxf6 Nxf6 32. Rg1 Rxg1
33. Rxg1 Nxd5 34. Nf8+ Ke7 35. Nxh7 Nf4+ 36. Kh2 Kf7 37. f6 Ng6 38. Rg5
Nxh4 39. Rg7+ Ke6 40. f7 Nf5 41. f8=Q Nxg7 42. Qxg7 Kd5 43. Qg5+ Kc6 44.
Qxh5 Kb5 45. Qe2+ Kb4 46. Qc4+ Ka3 47. Qa6+ Kb2 48. Qxa7 d5 49. Qxb6 d4 50.
Qxc5 d3 51. Qf2+ Kc1 52. a4 Kb1 53. a5 Kc1 54. a6 d2 55. Qxd2+ Kxd2 56. a7
Kc3 57. a8=Q Kxb3 58. Qd5+ Kc3 59. Kg3 Kb2 60. Qc4 Ka3 61. Qb5 Ka2 62. Qb4
Ka1 63. Kf2 Ka2 64. Ke2 Ka1 65. Kd2 Ka2 66. Kc2 Ka1 67. Qb1# { Black
checkmated } 1-0

[Event "ICC tourney 2246 (120 10)"]
[Site "Internet Chess Club"]
[Date "2020.12.29"]
[Round "8"]
[White "nb12"]
[Black "SMILERG"]
[Result "0-1"]
[ICCResult "White checkmated"]
[WhiteElo "1176"]
[BlackElo "1247"]
[Opening "Scotch gambit: Dubois-Réti defense"]
[ECO "C55"]
[NIC "KP.02"]
[Time "17:16:44"]
[PlyCount "72"]
[TimeControl "7200+10"]

1. e4 e5 2. Nf3 Nc6 3. d4 exd4 4. Bc4 Nf6 5. e5 d5 6. Bb5 Ne4 7. Nxd4 Bd7
8. Nxc6 bxc6 9. Bd3 Qh4 10. O-O Bc5 11. Bxe4 Qxe4 12. Nc3 Qg6 13. Na4 Be7
14. Be3 O-O 15. Nc5 Bxc5 16. Bxc5 Rfe8 17. f4 Bg4 18. Qd2 Qf5 19. b3 Re6
20. c4 dxc4 21. bxc4 Rg6 22. Bxa7 Bh3 23. Rf2 h6 24. Qe3 Qg4 25. g3 Qe6 26.
Qd4 Qe7 27. Bc5 Qh4 28. Qe4 Rd8 29. Qc2 Qh5 30. a3 Bf5 31. Qb3 Rd3 32. Qb4
Bh3 33. Qe1 Rdxg3+ 34. hxg3 Rxg3+ 35. Kh1 Bg2+ 36. Kg1 Qh1# { White
checkmated } 0-1

[Event "ICC tourney 2246 (120 10)"]
[Site "Internet Chess Club"]
[Date "2020.12.29"]
[Round "8"]
[White "jayburd56"]
[Black "chessrdu20"]
[Result "0-1"]
[ICCResult "White resigns"]
[WhiteElo "1298"]
[BlackElo "1074"]
[Opening "Evans gambit"]
[ECO "C52"]
[NIC "IG.05"]
[Time "17:16:43"]
[PlyCount "56"]
[TimeControl "7200+10"]

1. e4 e5 2. Nf3 Nc6 3. Bc4 Bc5 4. b4 Bxb4 5. c3 Ba5 6. d4 exd4 7. O-O Bxc3
8. Ng5 Nh6 9. Ba3 Qxg5 10. Bc1 Qg6 11. Nxc3 dxc3 12. Ba3 d6 13. e5 Nxe5 14.
Re1 O-O 15. Rxe5 dxe5 16. Bxf8 Bg4 17. f3 Bh3 18. g3 Rxf8 19. Bd3 Qb6+ 20.
Kh1 Bf5 21. Bxf5 Nxf5 22. Qd3 Nh6 23. Qxc3 Qd6 24. Re1 Re8 25. Qc2 Qc6 26.
Qd2 Qxf3+ 27. Kg1 Ng4 28. Rf1 Qe3+ { White resigns } 0-1

[Event "ICC tourney 2246 (120 10)"]
[Site "Internet Chess Club"]
[Date "2020.12.29"]
[Round "8"]
[White "raadix028"]
[Black "thanhcaptures"]
[Result "1-0"]
[ICCResult "Black checkmated"]
[WhiteElo "819"]
[BlackElo "1197"]
[Opening "Queen's bishop game"]
[ECO "D00"]
[NIC "QP.08"]
[Time "17:16:41"]
[PlyCount "107"]
[TimeControl "7200+10"]

1. d4 d5 2. Bf4 Nf6 3. Nf3 Bf5 4. e3 e6 5. Nbd2 Bd6 6. Bg3 O-O 7. Ne5 Nbd7
8. Ndf3 Be4 9. Ng5 Bf5 10. Ngf3 Nh5 11. Nxd7 Nxg3 12. Nxf8 Nxh1 13. Nxh7
Kxh7 14. Bd3 Bxd3 15. Qxd3+ f5 16. Qf1 g5 17. Qxh1 g4 18. Nd2 Qh4 19. h3
gxh3 20. Qxh3 Qxh3 21. gxh3 Rg8 22. Ke2 Rg2 23. Rf1 Kh6 24. Nf3 f4 25. Rg1
Rxg1 26. Nxg1 fxe3 27. Kxe3 e5 28. b3 e4 29. f3 exf3 30. Kxf3 Kg5 31. Ne2
c6 32. c4 dxc4 33. bxc4 Kh4 34. c5 Bh2 35. Ke4 Kxh3 36. d5 cxd5+ 37. Kxd5
Kg2 38. a4 Bc7 39. c6 b6 40. Ke6 Kf2 41. Nc3 Ke3 42. Kd7 Bh2 43. Nb5 Kd3
44. Nd6 Kd4 45. c7 Bxd6 46. Kxd6 Kc4 47. c8=Q+ Kb4 48. Qa6 Ka3 49. Qxa7 Kb4
50. Qxb6+ Kxa4 51. Kc5 Ka3 52. Kc4 Ka2 53. Kc3 Ka1 54. Qb2# { Black
checkmated } 1-0

[Event "ICC tourney 2246 (120 10)"]
[Site "Internet Chess Club"]
[Date "2020.12.29"]
[Round "8"]
[White "aWildNateDawg"]
[Black "ChaosOrigin"]
[Result "1-0"]
[ICCResult "Black resigns"]
[WhiteElo "1109"]
[BlackElo "1237"]
[Opening "Four knights: Spanish variation"]
[ECO "C48"]
[NIC "KP.03"]
[Time "17:16:39"]
[PlyCount "65"]
[TimeControl "7200+10"]

1. e4 e5 2. Nf3 Nc6 3. Bb5 Nf6 4. Nc3 Bd6 5. O-O a6 6. Bxc6 dxc6 7. h3 O-O
8. d4 Qe7 9. Bg5 Qe6 10. Qd3 Nd7 11. Rfe1 exd4 12. Nxd4 Qg6 13. f4 h6 14.
Bh4 Bxf4 15. Nf5 Bd6 16. Qxd6 cxd6 17. Ne7+ Kh7 18. Nxg6 Kxg6 19. Be7 Re8
20. Bxd6 Ne5 21. b3 Re6 22. Rad1 b5 23. Bxe5 Rxe5 24. Rd8 Rg5 25. Kf2 Bb7
26. Rd7 Rb8 27. Re3 Re5 28. h4 Bc8 29. Rg3+ Rg5 30. Rd6+ Be6 31. hxg5 hxg5
32. Ne2 Kf6 33. Rxc6 { Black resigns } 1-0

[Event "ICC tourney 2246 (120 10)"]
[Site "Internet Chess Club"]
[Date "2020.12.29"]
[Round "8"]
[White "Ldon22"]
[Black "traycon"]
[Result "1-0"]
[ICCResult "Black checkmated"]
[WhiteElo "953"]
[BlackElo "857"]
[Opening "French: advance, Euwe variation"]
[ECO "C02"]
[NIC "FR.03"]
[Time "17:17:14"]
[PlyCount "155"]
[TimeControl "7200+10"]

1. e4 e6 2. d4 d5 3. e5 c5 4. c3 Nc6 5. Nf3 Bd7 6. Be2 Nge7 7. O-O Nf5 8.
a3 Qc7 9. b4 cxd4 10. cxd4 Qb6 11. Bb2 Be7 12. b5 Na5 13. a4 Nc4 14. Bxc4
dxc4 15. Qe2 Rc8 16. Rc1 O-O 17. Rxc4 Rxc4 18. Qxc4 Nh4 19. Nxh4 Bxh4 20.
g3 Be7 21. Nc3 f6 22. a5 Qd8 23. f4 fxe5 24. dxe5 h5 25. Rd1 h4 26. g4 Qc8
27. Qxc8 Bxc8 28. Bc1 Bb4 29. Ne4 Bxa5 30. Kg2 a6 31. bxa6 bxa6 32. Nd6 Bb4
33. Nxc8 Rxc8 34. Kh3 Be7 35. g5 a5 36. Rd7 Kf8 37. Bd2 a4 38. Be1 Ke8 39.
Ra7 a3 40. Kxh4 g6 41. Kg4 Rc2 42. Bg3 Bc5 43. Ra6 a2 44. Rxe6+ Kd7 45. Ra6
Bd4 46. h4 a1=Q 47. Rxa1 Bxa1 48. h5 gxh5+ 49. Kxh5 Ke7 50. g6 Rg2 51. Bh4+
Kf8 52. Bf6 Bd4 53. Kh6 Kg8 54. Kh5 Be3 55. Bg5 Rf2 56. Kg4 Rc2 57. Kf5 Rc5
58. Kf6 Rc6+ 59. e6 Bd4+ 60. Kf5 Rc5+ 61. Kg4 Kg7 62. e7 Rc8 63. Kf5 Re8
64. Ke6 Be3 65. Bf6+ Kxg6 66. f5+ Kh5 67. Kd7 Ra8 68. Be5 Ra7+ 69. Bc7 Ra8
70. f6 Bh6 71. f7 Bf8 72. e8=Q Rxe8 73. fxe8=Q+ Kh6 74. Qxf8+ Kg6 75. Ke7
Kg5 76. Qf6+ Kg4 77. Qf4+ Kh3 78. Qg3# { Black checkmated } 1-0

[Event "ICC tourney 2246 (120 10)"]
[Site "Internet Chess Club"]
[Date "2020.12.29"]
[Round "8"]
[White "SreeVSundaram"]
[Black "nguyencaptures"]
[Result "1/2-1/2"]
[ICCResult "Game drawn by repetition"]
[WhiteElo "914"]
[BlackElo "1124"]
[Opening "QGD Slav defense: exchange variation"]
[ECO "D10"]
[NIC "SL.01"]
[Time "17:16:24"]
[PlyCount "114"]
[TimeControl "7200+10"]

1. d4 d5 2. c4 c6 3. cxd5 cxd5 4. Bf4 Nc6 5. Nc3 Nf6 6. e3 a6 7. Bd3 Bd7 8.
Nf3 Nb4 9. Bb1 Qb6 10. Qb3 e6 11. O-O Qd8 12. a3 Nc6 13. Bd3 Na5 14. Qd1
Be7 15. Rc1 Nc4 16. Bxc4 dxc4 17. e4 Nh5 18. Be3 Nf6 19. Re1 O-O 20. Bg5
Nd5 21. Bxe7 Nxc3 22. Bxd8 Nxd1 23. Rexd1 Rfxd8 24. Rxc4 Bb5 25. Rc7 Be2
26. Rd2 Bxf3 27. gxf3 Rab8 28. Kf1 Rdc8 29. Rdc2 Rd8 30. Rd2 Kf8 31. Ke2
Rdc8 32. Rdc2 Rxc7 33. Rxc7 Rd8 34. Ke3 b5 35. e5 f6 36. Ra7 fxe5 37. dxe5
Rd5 38. f4 Rd1 39. b4 Re1+ 40. Kf3 Rb1 41. Rxa6 Rb3+ 42. Kg2 Kf7 43. h4 h6
44. f3 Re3 45. Kf2 Rc3 46. Kg3 h5 47. Ra5 Kg6 48. Rxb5 Rxa3 49. Rb6 Kf5 50.
Rb7 Kg6 51. Re7 Ra6 52. b5 Rb6 53. Rd7 Rxb5 54. Rd6 Kf5 55. Rd7 Kg6 56. Rd6
Kf5 57. Rd7 Kg6 { Game drawn by repetition } 1/2-1/2

[Event "ICC tourney 2246 (120 10)"]
[Site "Internet Chess Club"]
[Date "2020.12.29"]
[Round "8"]
[White "gauravgupta"]
[Black "MatthewDiao"]
[Result "1/2-1/2"]
[ICCResult "Game drawn by mutual agreement"]
[WhiteElo "1164"]
[BlackElo "1178"]
[Opening "Sicilian: Nimzovich-Rossolimo attack (without ...d6)"]
[ECO "B30"]
[NIC "SI.31"]
[Time "17:16:20"]
[PlyCount "66"]
[TimeControl "7200+10"]

1. e4 c5 2. Nf3 Nc6 3. Bb5 e6 4. Bxc6 bxc6 5. d3 d5 6. O-O Be7 7. b3 Nf6 8.
e5 Nd7 9. Bb2 O-O 10. Nbd2 Ba6 11. Re1 Qc7 12. Qe2 Bb7 13. h3 a5 14. a4 Ba6
15. c4 Nb6 16. Kh1 h6 17. Rg1 Kh8 18. h4 Qd8 19. g3 g6 20. Kg2 Kg7 21. Rh1
Nd7 22. Rab1 Re8 23. g4 Kg8 24. Rh3 Kg7 25. Rbh1 Rh8 26. Qe3 f6 27. Ba1 f5
28. g5 h5 29. Rb1 Rf8 30. Qf4 d4 31. Kf1 Bb7 32. Ke2 Nb8 33. Ne1 Na6 { Game
drawn by mutual agreement } 1/2-1/2